 Dungeon Crawl Stone Soup version 0.27.1-33-g824d729ab1 (webtiles) character file.

Game seed: 5525531046192608474

84 SensoryNuts the Ruffian (level 4, -5/35 HPs)
             Began as a Draconian Transmuter on Dec 7, 2021.
             Was a Follower of Wu Jian.
             Slain by Grinder (9 damage)
             ... on level 3 of the Dungeon.
             The game lasted 00:03:44 (3074 turns).

SensoryNuts the Ruffian (Draconian Transmuter)      Turns: 3074, Time: 00:03:45

Health: -5/35      AC:  5    Str: 13    XL:     4   Next: 24%
Magic:  7/7        EV: 12    Int: 14    God:    Wu Jian [*.....]
Gold:   76         SH:  0    Dex: 11    Spells: 3/7 levels left

rFire    . . .     SeeInvis .     - Unarmed
rCold    . . .     Faith    .   (no shield)
rNeg     . . .     Spirit   .   (armour unavailable)
rPois    .         Reflect  .   (helmet restricted)
rElec    .         Harm     .   (no cloak)
rCorr    .         Rampage  .   (no gloves)
Will     .....                  (no boots)
Stlth    +.........             (no amulet)
HPRegen  0.11/turn              (no ring)
MPRegen  0.10/turn              (no ring)

@: hasted, very quick
A: AC +5, unfitting armour, cold-blooded
a: Renounce Religion


You were on level 3 of the Dungeon.
You worshipped Wu Jian.
Wu Jian was aware of your devotion.
You visited 1 branch of the dungeon, and saw 3 of its levels.

You collected 76 gold pieces.

Inventory:

Scrolls
 a - a scroll of identify
 d - a scroll of enchant weapon
 e - a scroll of enchant armour
 f - a scroll of magic mapping {unknown}
 g - a scroll of immolation {unknown}
 h - a scroll of teleportation {unknown}
 i - a scroll of blinking {unknown}
 j - a scroll of fog {unknown}
 l - a scroll of silence {unknown}
 m - a scroll of summoning {unknown}


   Skills:
 + Level 1.4 Fighting
 + Level 2.1 Dodging
 + Level 0.2 Stealth
 + Level 4.0 Unarmed Combat
 + Level 2.4 Spellcasting
 + Level 2.7 Transmutations


You had 3 spell levels left.
You knew the following spells:

 Your Spells              Type           Power      Damage    Failure   Level
a - Beastly Appendage     Tmut           18%        N/A       8%          1
b - Spider Form           Tmut/Pois      2%         N/A       36%         3

Your spell library contained the following spells:

 Spells                   Type           Power      Damage    Failure   Level
 Wereblood                Tmut           9%         N/A       12%         2
 Ice Form                 Ice/Tmut       5%         N/A       78%         4


Dungeon Overview and Level Annotations

Branches:
Dungeon (3/15)

Altars:
Wu Jian

Shops:
D:2 (   D:3 =[

Annotations:
D:3 Grinder


Innate Abilities, Weirdness & Mutations

Your plain brown scales are hard. (AC +5)
You cannot fit into any form of body armour.
You are cold-blooded and may be slowed by cold attacks.


Message History

It was a potion of magic.
Magic courses through your body. Grinder closely misses you.
You hit Grinder. You claw Grinder.
Grinder is severely wounded.
You hit Grinder.
Grinder is almost dead.
Grinder hits you.
* * * LOW HITPOINT WARNING * * *
You writhe in agony.
* * * LOW HITPOINT WARNING * * *
You feel better. Grinder gestures at you. You resist with significant effort.
You hit Grinder. Your headbutt misses Grinder.
You tail-slap Grinder, but do no damage.
Grinder is almost dead.
You hit Grinder but do no damage.
Grinder is almost dead.
Grinder blinks!
Grinder blinks!
You lunge at Grinder.
You closely miss Grinder.
Grinder is almost dead.
Grinder hits you.
You hit Grinder but do no damage.
Grinder is almost dead.
Your horns disappear.
Your talons disappear.
Grinder hits you.
* * * LOW HITPOINT WARNING * * *
You writhe in agony.
* * * LOW HITPOINT WARNING * * *
You are too injured to fight recklessly!
You are too injured to fight recklessly!
As you read the scroll labelled WUZEVUMOUNG, it crumbles to dust.
It is a scroll of identify.
e - a scroll of enchant armour
As you read the scroll labelled ZUWIK REGHEGEN, it crumbles to dust.
It is a scroll of enchant weapon.
You aren't carrying any weapons that can be enchanted.
Grinder hits you!
You die...

..#.# #.######.. .
#.###........#
#...####...... ##..#
#(.#..#### ###..#
#(.##.####
#...######'#......
###.##.......)......
####...##....#........)
#.....@.#....#.........
#.....5.#..............
#.......#....##........
#########....##........
#....##........
#....##........
#....##...∩....
#....########## ######


You could see Grinder.

Vanquished Creatures
  2 adders (D:2)
  A worm (D:2)
  A dart slug (D:2)
  An orc (D:3)
  3 bats
  7 endoplasms
  2 giant cockroaches
  4 goblins
  7 hobgoblins
  4 jackals (D:2)
  6 kobolds
  2 quokkas (D:1)
  5 ball pythons
  8 rats
53 creatures vanquished.

Notes
Turn   | Place    | Note
-------+----------+-------------------------------------------
     0 | D:1      | SensoryNuts the Draconian Transmuter began the quest for
                  | the Orb.
     0 | D:1      | Reached XP level 1. HP: 16/16 MP: 3/3
   353 | D:1      | Reached XP level 2. HP: 12/23 MP: 1/5
  1082 | D:1      | Reached XP level 3. HP: 28/28 MP: 4/6
  1755 | D:2      | Learned a level 3 spell: Spider Form
  1815 | D:2      | Found a faded altar of an unknown god.
  1954 | D:2      | Became a worshipper of the Wu Jian Council
  1954 | D:2      | Reached * piety under Wu Jian
  2206 | D:2      | Found Nuimmuc's Weapon Shop.
  2549 | D:2      | Reached XP level 4. HP: 33/35 MP: 5/7
  2554 | D:2      | Reached skill level 4 in Unarmed Combat
  2869 | D:3      | Found Zatunookh's Antique Armour Boutique.
  3020 | D:3      | Found Ceko Hunt's Jewellery Boutique.
  3053 | D:3      | Noticed Grinder
  3074 | D:3      | Slain by Grinder

Illustrated notes

Levels and vault maps discovered:
D:1:      onia_arrival_mini_maze, layout_basic
D:2:      wad_pebble_path, layout_basic, dreamdust_ecumenical_altar_statues,
          serial_shops, shop
D:3:      layout_rooms, serial_shops, shop, shop, shop, shop,
          supply_closet_lemuel, uniq_grinder, uniq_crazy_yiuf_cottage

Skill      XL: |  1  2  3  4 |
---------------+-------------+-----
Dodging        | 2 |  2.1
Unarmed Combat | 4 |  4.0
Fighting       | |  1.4
Stealth        | |  0.2
Spellcasting   | |  2.4
Transmutations | |  2.7

Action                   |  1- 3 |  4- 6 || total
-------------------------+-------+-------++-------
Melee: Unarmed           |   114 |    27 ||   141
       Kick              |    24 |     2 ||    26
       Headbutt          |    10 |     2 ||    12
       Punch             |     2 |     1 ||     3
       Tailslap          |     4 |     3 ||     7
 Cast: Beastly Appendage |    33 |     6 ||    39
Invok: Lunge             |     1 |     4 ||     5
  Use: Potion            |       |     4 ||     4
       Scroll            |       |     2 ||     2
 Stab: Sleeping          |     1 |       ||     1
Armor: Skin              |    41 |     3 ||    44
Dodge: Dodged            |   106 |    10 ||   116
